 Dungeon Crawl Stone Soup version 0.28.0-47-ge53b351184 (webtiles) character file.

Game seed: 5109385651102786236

13343 Exodus22XD the Ripper (level 11, -6/40 HPs)
             Began as a Felid Enchanter on May 2, 2022.
             Was a High Priest of Dithmenos.
             Mangled by a six-headed hydra (14 damage)
             ... on level 6 of the Lair of Beasts.
             The game lasted 01:37:09 (25047 turns).

Exodus22XD the Ripper (Felid Enchanter)            Turns: 25047, Time: 01:37:09

Health: -6/40      AC:  3    Str:  4    XL:     11   Next: 74%
Magic:  12/18      EV: 25    Int: 18    God:    Dithmenos [*****.]
Gold:   855        SH:  0    Dex: 20    Spells: 7/18 levels left
                                        Lives:  0   Deaths: 2

rFire   . . .      SeeInvis +     - Unarmed
rCold   + + .      Faith    .   (shield unavailable)
rNeg    . . .      Spirit   .   (armour unavailable)
rPois   .          Reflect  .   (helmet unavailable)
rElec   .          Harm     .   (cloak unavailable)
rCorr   .          Rampage  .   (gloves unavailable)
Will    +....                   (boots unavailable)
Stlth   ++++++++++              y - amulet of the acrobat
HPRegen 0.13/turn               j - +4 ring of slaying
MPRegen 0.16/turn               q - ring of protection from cold

@: wreathed by umbra, quick
A: very small, claws 1, fangs 3, see invisible, speed 1, shaggy fur 3, stealthy
paws, no weapons or thrown items, no armour, multi-lived
a: Renounce Religion, Shadow Step, Shadow Form


You were on level 6 of the Lair of Beasts.
You worshipped Dithmenos.
Dithmenos was extremely pleased with you.
You visited 3 branches of the dungeon, and saw 19 of its levels.
You also visited: Bailey and Volcano.

You collected 875 gold pieces.
You spent 20 gold pieces at shops.

Inventory:

Jewellery
 d - a ring of ice
 i - an amulet of reflection
 j - a +4 ring of slaying (left paw)
 q - a ring of protection from cold (right paw)
 y - an amulet of the acrobat (around neck)
Wands
 p - a wand of iceblast (4)
 t - a wand of charming (11)
 D - a wand of acid (7)
Scrolls
 b - a scroll of vulnerability
 g - a scroll of torment
 k - 2 scrolls of fear {unknown}
 m - 2 scrolls of blinking {unknown}
 n - 3 scrolls of fog
 o - a scroll of silence
 s - 4 scrolls of teleportation
 u - a scroll of summoning
 x - a scroll of magic mapping
 B - a scroll of holy word
Potions
 a - 2 potions of invisibility
 c - 4 potions of haste
 e - a potion of heal wounds
 f - a potion of brilliance
 h - 8 potions of curing
 r - 3 potions of cancellation {unknown}
 v - a potion of resistance {unknown}
 w - 4 potions of mutation {unknown}
 z - 3 potions of flight {unknown}
 A - 2 potions of might {unknown}
 C - a potion of magic


   Skills:
 - Level 10.0 Dodging
 - Level 14.8 Stealth
 + Level 15.6 Unarmed Combat
 - Level 4.2 Spellcasting
 - Level 15.1 Hexes


You had 7 spell levels left.
You knew the following spells:

 Your Spells              Type           Power      Damage    Failure   Level
a - Ensorcelled Hibernat  Hex/Ice        60%        N/A       1%          2
b - Confusing Touch       Hex            55%        N/A       1%          3
c - Tukima's Dance        Hex            55%        N/A       1%          3
d - Dazzling Flash        Conj/Hex       60%        N/A       1%          3

Your spell library contained the following spells:

 Spells                   Type           Power      Damage    Failure   Level
 Fulminant Prism          Conj/Hex       15%        3d11      6%          4
 Magic Dart               Conj           12%        1d3       14%         1
 Summon Mana Viper        Hex/Summ       30%        N/A       19%         5
 Searing Ray              Conj           6%         2d4       22%         2
 Static Discharge         Conj/Air       3%         N/A       22%         2
 Frozen Ramparts          Ice            6%         1d2       41%         3
 Dispel Undead            Necr           3%         3d7       82%         4
 Ice Form                 Ice/Tmut       3%         N/A       82%         4
 Sticky Flame             Conj/Fire      3%         2d3       82%         4
 Summon Ice Beast         Ice/Summ       3%         N/A       82%         4
 Alistair's Intoxication  Tmut/Pois      2%         N/A       99%         5
 Blade Hands              Tmut           1%         N/A       99%         5
 Borgnjor's Vile Clutch   Necr/Erth      1%         N/A       99%         5
 Summon Forest            Summ/Tloc      1%         N/A       99%         5
 Eringya's Noxious Bog    Tmut/Pois      1%         N/A       100%        6
 Iron Shot                Conj/Erth      1%         9d1       100%        6
 Summon Cactus Giant      Summ           1%         N/A       100%        6
 Animate Armour           Summ/Erth      Unusable   N/A       N/A         4

Dungeon Overview and Level Annotations

Branches:
Dungeon (12/15)            Temple (1/1) D:6            Lair (6/6) D:11
  Swamp (0/4) Lair:2        Slime (0/5) Lair:5       Bailey (visited)
Volcano (visited)
  Snake: Lair:2-4    Spider: Lair:2-4       Orc: D:9-12

Altars:
Dithmenos
Kikubaaqudgha
Vehumet
Jiyva

Shops:
D:2 ?   D:9 !(   D:12 (

Annotations:
D:5 Dowan, Duvessa
Lair:1 exclusion: oklob plant
Lair:2 3 runed translucent doors, manix's ghost, journeyman MfIE
Lair:5 exclusion: 2 oklob plants


Innate Abilities, Weirdness & Mutations

You have sharp claws.
You have razor-sharp teeth.
You have supernaturally acute eyesight. (SInv)
You cover ground quickly. (Speed+)
Your thick and shaggy fur keeps you warm. (AC +3, rC+)
Your paws help you pounce on unaware monsters.
You are incapable of wielding weapons or throwing items.
You cannot wear armour.
You gain extra lives every three experience levels.


Message History

You kill the water moccasin!
Dithmenos accepts your kill.
You see here the felid skeleton of Exodus22XD.
There is a stone staircase leading down here.
You climb downwards.
The cane toad gives a loud, deep croak!
The cane toad closely misses you. The cane toad misses you.
There is a stone staircase leading up, spattered with blood here.
The cane toad closely misses you.
You climb upwards.
Level annotation: exclusion: 2 oklob plants
There is a stone staircase leading down here.
Casting: Ensorcelled Hibernation (safe; 1% risk of failure)
Confirm with . or Enter, or press ? or * to list all spells.
Aiming: Ensorcelled Hibernation (safe; 1% risk of failure)
Press: ? - help, Shift-Dir - straight line, f - cane toad
Aim: a cane toad (umbra, chance to affect: 60%)
The cane toad resists with significant effort.
The cane toad completely misses you.
Casting: Ensorcelled Hibernation (safe; 1% risk of failure)
Confirm with . or Enter, or press ? or * to list all spells.
Aiming: Ensorcelled Hibernation (safe; 1% risk of failure)
Press: ? - help, Shift-Dir - straight line, f/p - cane toad
Aim: a cane toad (umbra, chance to affect: 60%)
The cane toad looks drowsy...
You pounce on the unaware helpless cane toad!
You eviscerate the cane toad!!!!!
You kill the cane toad!
Dithmenos accepts your kill.
You climb downwards.
The six-headed hydra bites you!
The six-headed hydra completely misses you.
The six-headed hydra bites you!
The six-headed hydra bites you but does no damage.
The six-headed hydra completely misses you. x2
The six-headed hydra bites you!
* * * LOW HITPOINT WARNING * * *
The six-headed hydra barely misses you.
The six-headed hydra completely misses you.
The six-headed hydra bites you!
You die...

P.....Y......#
.PP#..P.#....##
######...#.#
### ##...##
.... #...#
.....##...#
.....#...##
..........#
........@.#
#.###..D.# .
#...## #...#
......#
#.###.##. ## ##


You could see a six-headed hydra.

Vanquished Creatures
  A catoblepas (Lair:5)
  3 hydras
  Erica (Lair:1)
  A death yak (Lair:6)
  A two-headed ogre (D:11)
  A wizard (Volcano)
  2 orc knights
  2 salamanders (Volcano)
  3 cyclopes (Volcano)
  2 ugly things
  3 molten gargoyles (Volcano)
  An elephant (D:11)
  2 black mambas
  7 cane toads
  A torpor snail (Lair:6)
  A kobold demonologist (Bailey)
  A gargoyle (Volcano)
  6 komodo dragons
  A rime drake (Lair:6)
  A troll (D:11)
  A tyrant leech (Lair:2)
  3 polar bears
  4 blink frogs (Lair:3)
  A shadow (D:9)
  A vampire (D:7)
  2 wyverns
  A basilisk (Lair:3)
  32 yaks
  A dancing weapon (D:6)
  A steam dragon (Lair:4)
  Menkaure (D:6)
  A naga (Lair:4)
  An acid dragon (D:9)
  A swamp worm (Lair:2)
  7 water moccasins
  3 black bears
  3 ice beasts
  16 orc warriors
  A sky beast (D:7)
  2 necrophages
  An ogre (D:4)
  7 wolves
  3 centaurs
  2 kobold brigands
  11 bullfrogs
  2 scorpions
  A gnoll sergeant (D:7)
  9 killer bees
  3 wights (D:6)
  7 howler monkeys
  A lava snake (D:7)
  A bullfrog zombie (D:5)
  2 hounds
  A jelly (D:6)
  5 centaur zombies
  2 bullfrog skeletons
  A centaur skeleton (D:7)
  5 orc priests
  4 iguanas
  15 orc wizards
  4 killer bee zombies
  A hound skeleton (D:5)
  2 howler monkey zombies (D:10)
  A killer bee simulacrum (D:9)
  16 gnolls
  2 howler monkey skeletons (D:5)
  5 adders
  A shadow imp (D:8)
  7 white imps
  2 howler monkey simulacra (D:9)
  An adder zombie (D:5)
  5 worms
  3 dart slugs (D:2)
  31 orcs
  5 bats
  9 endoplasms
  3 giant cockroaches
  8 goblins
  9 hobgoblins
  2 jackals
  3 quokkas
  11 ball pythons
  3 frilled lizards (D:2)
  16 kobolds
  6 rats
363 creatures vanquished.

Vanquished Creatures (collateral kills)
  A boulder beetle (D:11)
  A kobold demonologist (Bailey)
  A centaur (D:9)
  A gnoll (D:7)
  2 orcs
  A goblin (Bailey)
7 creatures vanquished.

Vanquished Creatures (others)
  4 dancing weapons
  25 fungi
  55 plants
84 creatures vanquished.

Grand Total: 454 creatures vanquished

Notes
Turn   | Place    | Note
-------+----------+-------------------------------------------
     0 | D:1      | Exodus22XD the Felid Enchanter began the quest for the Orb.
     0 | D:1      | Reached XP level 1. HP: 7/7 MP: 4/4
   160 | D:1      | Found a faded altar of an unknown god.
   165 | D:1      | Prayed at the altar of an unknown god.
   165 | D:1      | Became a worshipper of Dithmenos the Shadowed
   165 | D:1      | Reached * piety under Dithmenos
   280 | D:1      | Reached XP level 2. HP: 8/11 MP: 6/6
   281 | D:1      | Reached skill level 5 in Stealth
   614 | D:1      | Reached ** piety under Dithmenos
   877 | D:2      | Reached XP level 3. HP: 6/14 MP: 7/7
  1068 | D:2      | Learned a level 2 spell: Ensorcelled Hibernation
  1072 | D:2      | Learned a level 3 spell: Confusing Touch
  1321 | D:2      | Found a radiant altar of Vehumet.
  1513 | D:2      | Found Hakil's Magic Scroll Shop.
  1521 | D:2      | Bought a scroll of identify for 20 gold pieces
  1564 | D:2      | Reached XP level 4. HP: 18/18 MP: 8/8
  2616 | D:3      | Reached XP level 5. HP: 19/21 MP: 6/9
  2822 | D:3      | Reached *** piety under Dithmenos
  3205 | D:4      | Noticed an ogre
  3212 | D:4      | Killed an ogre
  3213 | D:4      | Gained mutation: You are covered in thick fur. (AC +2)
                  | [Felid growth]
  3213 | D:4      | Reached XP level 6. HP: 24/24 MP: 7/10
  3416 | D:4      | Reached skill level 10 in Stealth
  3570 | D:4      | Reached skill level 5 in Hexes
  4375 | D:4      | Learned a level 3 spell: Tukima's Dance
  5161 | D:5      | Entered Level 5 of the Dungeon
  5276 | D:5      | Noticed Duvessa
  5291 | D:5      | Noticed Dowan
  5420 | D:5      | Reached XP level 7. HP: 27/27 MP: 11/11
  7349 | D:6      | Reached skill level 10 in Hexes
  7526 | D:6      | Reached XP level 8. HP: 18/31 MP: 7/12
  7832 | D:6      | Found a staircase to the Ecumenical Temple.
  7932 | Temple   | Entered the Ecumenical Temple
  8206 | D:6      | Learned a level 3 spell: Dazzling Flash
  8266 | D:6      | Reached **** piety under Dithmenos
  8433 | D:6      | Reached skill level 5 in Unarmed Combat
  8983 | D:6      | Noticed Menkaure
  8986 | D:6      | Killed Menkaure
  9401 | D:6      | Reached XP level 9. HP: 26/34 MP: 10/13
 11281 | D:7      | Found an ancient bone altar of Kikubaaqudgha.
 11968 | D:7      | Reached skill level 10 in Unarmed Combat
 12440 | D:8      | Reached skill level 5 in Dodging
 12923 | D:8      | Reached XP level 10. HP: 37/37 MP: 14/14
 13619 | D:9      | Found Ginooro's Antique Weapon Shoppe.
 13681 | D:9      | Reached skill level 10 in Dodging
 13696 | D:9      | Found Tutenyp's Distillery.
 13820 | D:9      | Found a flagged portal.
 13842 | Bailey   | Entered a bailey
 14084 | Bailey   | Reached ***** piety under Dithmenos
 14169 | Bailey   | Found an iron altar of Okawaru.
 14169 | Bailey   | Noticed an orc knight
 14205 | Bailey   | Noticed a soul eater
 14260 | Bailey   | Killed an orc knight
 14408 | Bailey   | Noticed an orc knight
 14740 | D:9      | Reached XP level 11. HP: 40/40 MP: 7/15
 15386 | D:10     | Entered Level 10 of the Dungeon
 16680 | D:11     | Noticed a cyan ugly thing
 16684 | D:11     | Noticed a boulder beetle
 16698 | D:11     | Killed a boulder beetle
 16713 | D:11     | Killed a cyan ugly thing
 17007 | D:11     | Found a staircase to the Lair.
 17112 | D:11     | Noticed a two-headed ogre
 17120 | D:11     | Killed a two-headed ogre
 17654 | D:11     | Reached skill level 15 in Hexes
 17761 | D:11     | HP: 1/40 [yak (16)]
 18777 | D:12     | Noticed a brown ugly thing
 18781 | D:12     | Killed a brown ugly thing
 18825 | D:12     | Found Naulon's Weapon Emporium.
 18890 | Lair:1   | Entered Level 1 of the Lair of Beasts
 18939 | Lair:1   | Noticed a five-headed hydra
 18957 | Lair:1   | Killed a five-headed hydra
 19127 | Lair:1   | Noticed Erica
 19153 | Lair:1   | Killed Erica
 19154 | Lair:1   | Gained mutation: Your thick and shaggy fur keeps you warm.
                  | (AC +3, rC+) [Felid growth]
 19154 | Lair:1   | Reached XP level 12. HP: 44/44 MP: 13/19
 19207 | Lair:1   | Noticed a six-headed hydra
 19274 | Lair:1   | Killed a six-headed hydra
 19908 | Lair:2   | Found a runed translucent gate.
 19908 | Lair:2   | Found a runed translucent gate.
 19909 | Lair:2   | Found a runed translucent gate.
 19912 | Lair:2   | Noticed manix's ghost (journeyman MfIE)
 20157 | Lair:2   | Found a dark tunnel.
 20166 | Volcano  | Entered a volcano
 20232 | Volcano  | Slain by a salamander
 20233 | Volcano  | Reached XP level 11. HP: 0/40 MP: 13/18
 20451 | Volcano  | Noticed a wizard
 20457 | Volcano  | Noticed an orb of fire
 20457 | Volcano  | Noticed an orc knight
 20458 | Volcano  | Killed a wizard
 21062 | Volcano  | Noticed an orb of fire
 21207 | Volcano  | Killed an orc knight
 21549 | Lair:2   | Found a staircase to the Swamp.
 22343 | Lair:3   | Reached XP level 12. HP: 44/44 MP: 19/19
 23850 | Lair:4   | Noticed a five-headed hydra
 24000 | Lair:4   | Noticed a five-headed hydra
 24077 | Lair:4   | Noticed a four-headed hydra
 24077 | Lair:4   | You fall into a shaft and drop 1 floor!
 24077 | Lair:5   | Noticed an eight-headed hydra
 24077 | Lair:5   | Found a staircase to the Slime Pits.
 24077 | Lair:5   | Found a viscous altar of Jiyva.
 24219 | Lair:5   | Noticed a catoblepas
 24226 | Lair:5   | Killed a catoblepas
 24314 | Lair:5   | Reached skill level 15 in Unarmed Combat
 24680 | Lair:5   | Killed an eight-headed hydra
 24779 | Lair:6   | Entered Level 6 of the Lair of Beasts
 24798 | Lair:5   | Slain by a black mamba
 24799 | Lair:5   | Reached XP level 11. HP: -3/40 MP: 16/18
 24972 | Lair:6   | Noticed a six-headed hydra
 24974 | Lair:6   | Noticed a death yak
 24975 | Lair:6   | Noticed a death yak
 24975 | Lair:6   | Noticed a death yak
 24976 | Lair:6   | Noticed a death yak
 24976 | Lair:6   | Noticed a death yak
 24977 | Lair:6   | Noticed a death yak
 25003 | Lair:6   | Noticed a death yak
 25011 | Lair:6   | Killed a death yak
 25047 | Lair:6   | Mangled by a six-headed hydra

Illustrated notes

Levels and vault maps discovered:
D:1:      elethiomel_arrival_shortcut, layout_basic,
          ebering_ecumenical_altar_mist, minmay_pentomino_x4
D:2:      layout_loops_cross, serial_shops, shop_scrolls, basic_altar
D:3:      layout_rooms, grunt_decor_cap, kennysheep_generic_room_4
D:4:      layout_loops_ring, chequers_serial_rivers_room_a,
          hangedman_decor_push, grunt_ministairs_15, kennysheep_dice
D:5:      layout_layer_cave, uniq_duvessa
D:6:      layout_loops_ring, temple_fountains, uniq_menkaure
D:7:      layout_layer_cave, nicolae_kikubaaqudgha_miasma_corner,
          grunt_ministairs_14, grunt_decor_junction, serial_park_tiny_2
D:8:      layout_layer_cave, serial_glass, glass_columns_c, glass_columns_c,
          eino_jars
D:9:      layout_roguey, serial_shops, nicolae_shop_stone, nicolae_square_shop,
          serial_ice, serial_ice_i, serial_ice_n, serial_ice_e, serial_ice_m,
          enter_bailey_2
D:10:     layout_layer_cave
D:11:     layout_basic, david_lair_generic
D:12:     minmay_slanted_spiral_squares, layout_rooms, orc_david_3,
          nicolae_trove_entry_free_sample, serial_shops, nicolae_take_the_stairs
Temple:   mainiacjoe_temple_circle_huts
Lair:1:   layout_small_grid, minmay_lair_oklob_bushes,
          infiniplex_staircase_pool_2, uniq_erica
Lair:2:   layout_loops_ring, minmay_swamp_entry_worms, enter_volcano_1,
          ebering_ghost_rock_garden, chequers_serial_rivers_small_b
Lair:3:   layout_hall_layers, gauntlet_entry_generic, lemuel_fruit_fields,
          serial_bayou_shore_a
Lair:4:   layout_misc_corridors, guppyfry_snake_entry_island,
          chequers_serial_rivers_micro_a, nicolae_lair_lil_pond,
          lemuel_fruit_tree
Lair:5:   minmay_lair_oklob_chamber, layout_loops_ring, slime_altar_1
Lair:6:   grunt_lair_end_beastmaster, layout_regular_city,
          chequers_serial_rivers_large_b, wad_woods_02, grunt_megastairs_4,
          lemuel_fruit_fields

Skill      XL: |  1  2  3  4  5  6  7  8  9 10 11 12 |
---------------+-------------------------------------+-----
Stealth        | 5 6 8 9 10 13 14 | 14.8
Hexes          | 6 10 15 | 15.1
Unarmed Combat | 7 10 13 15 | 15.6
Dodging        | 5 10 | 10.0
Spellcasting   | 4 |  4.2

Action                   |  1- 3 |  4- 6 |  7- 9 | 10-12 || total
-------------------------+-------+-------+-------+-------++-------
Melee: Unarmed           |    82 |    98 |   196 |   403 ||   779
       Bite              |     8 |     5 |    20 |    43 ||    76
       Punch             |     1 |     1 |     6 |    29 ||    37
 Cast: Ensorcelled Hiber |     3 |    28 |    48 |   101 ||   180
       Confusing Touch   |       |     2 |    21 |    50 ||    73
       Tukima's Dance    |       |     2 |     3 |     9 ||    14
       Dazzling Flash    |       |       |       |     1 ||     1
Evoke: Wand              |       |       |       |     8 ||     8
  Use: Scroll            |     2 |     2 |     8 |     4 ||    16
       Potion            |       |       |       |     3 ||     3
 Stab: Sleeping          |    26 |    27 |    52 |   100 ||   205
       Distracted        |       |     2 |       |     4 ||     6
       Confused          |       |     2 |    14 |    43 ||    59
Armor: Skin              |     2 |     1 |     9 |     9 ||    21
Dodge: Dodged            |    52 |    64 |    93 |   282 ||   491
Block: Other             |     2 |    13 |    23 |    33 ||    71
       Reflection        |       |       |     1 |       ||     1
